Map: [ESL] Cosmic Sapphire

Players

ShaDoWn

  • Race: Protoss Protoss
  • Spawn Location: 5:00

Gerald - Winner!

  • Race: Protoss Protoss
  • Spawn Location: 11:00

Event: DreamHack SC2 Masters 2022 Atlanta (Online)

VOD

Have the link to the VOD?

Description

Time

  • Played on: Oct. 4, 2022, 1:13 p.m.
  • Length: 26:49

All games in this series

Show
View Real Time Build Order
Export as new Build Order

ShaDoWn Protoss 

Build Orders: Blink Stalkers, Carriers 

Get SALT Encoding   

  12  0:00  Probe  
  13  0:12  Probe  
  14  0:16  Pylon  
  14  0:24  Probe (Chrono Boost)  
  15  0:35  Gateway  
  15  0:36  Probe (Chrono Boost)  
  16  0:45  Probe (Chrono Boost)  
  16  0:46  Assimilator  
  17  0:51  Probe  
  17  0:54  Assimilator  
  18  1:03  Probe (Chrono Boost)  
  19  1:07  Gateway  
  19  1:13  Probe (Chrono Boost)  
  19  1:18  Probe (Chrono Boost)  
  20  1:22  Cybernetics Core  
  21  1:29  Probe  
  22  1:34  Pylon  
  22  1:41  Probe  
  23  1:56  Probe  
  23  1:57  Warp Gate (Chrono Boost)  
  23  1:58  Stalker x2  
  28  2:09  Pylon  
  28  2:29  Sentry  
  30  2:38  Probe  
  30  2:41  Nexus  
  31  2:49  Sentry  
  31  2:50  Probe  
  34  3:00  Twilight Council  
  34  3:02  Probe  
  34  3:07  Stalker  
  36  3:14  Pylon  
  36  3:19  Probe  
  37  3:31  Probe  
  38  3:36  Shield Battery, Blink (Chrono Boost)  
  38  3:39  Stalker  
  39  3:46  Probe  
  40  3:53  Probe  
  41  3:59  Probe  
  41  4:00  Shield Battery  
  42  4:05  Adept x2  
  42  4:06  Probe  
  47  4:13  Probe (Chrono Boost)  
  48  4:18  Probe (Chrono Boost)  
  48  4:23  Robotics Facility  
  50  4:28  Probe x2 (Chrono Boost)  
  51  4:32  Stalker  
  51  4:33  Probe (Chrono Boost)  
  51  4:35  Probe  
  51  4:37  Stalker  
  57  4:44  Probe  
  58  4:47  Probe  
  58  4:49  Pylon  
  59  4:55  Stalker  
  59  4:56  Probe  
  59  4:59  Probe  
  61  5:08  Stalker  
  61  5:09  Probe  
  61  5:11  Probe  
  63  5:20  Pylon  
  63  5:22  Stalker  
  63  5:25  Observer  
  63  5:26  Probe  
  67  5:30  Nexus  
  67  5:33  Stalker  
  69  5:35  Pylon  
  69  5:38  Probe  
  69  5:40  Probe  
  69  5:42  Assimilator  
  71  5:50  Stalker  
  73  5:57  Zealot  
  73  6:00  Probe, Pylon  
  73  6:02  Pylon  
  74  6:16  Stalker  
  74  6:17  Probe  
  72  6:22  Probe  
  73  6:30  Nexus  
  73  6:31  Stalker, Pylon  
  75  6:33  Immortal  
  75  6:37  Twilight Council  
  77  6:40  Probe  
  77  6:42  Probe  
  79  6:50  Assimilator  
  79  6:51  Stalker  
  79  6:52  Probe  
  82  6:55  Probe  
  82  7:00  Stalker  
  85  7:05  Probe  
  86  7:08  Forge, Probe  
  86  7:10  Gateway  
  86  7:12  Gateway  
  86  7:14  Charge (Chrono Boost)  
  87  7:17  Probe  
  88  7:23  Probe  
  88  7:27  Adept x2  
  88  7:29  Probe  
  94  7:31  Shield Battery  
  94  7:36  Gateway  
  95  7:38  Probe (Chrono Boost)  
  95  7:40  Protoss Ground Weapons Level 1 (Chrono Boost), Observer  
  95  7:42  Probe (Chrono Boost)  
  98  7:44  Assimilator  
  98  7:47  Probe (Chrono Boost)  
  98  7:51  Dark Shrine  
  100  7:52  Probe x2 (Chrono Boost)  
  100  7:55  Probe (Chrono Boost)  
  100  7:57  Stalker x2  
  101  8:13  Stalker x2  
  101  8:19  Gateway  
  105  8:20  Gateway  
  105  8:21  Stalker  
  105  8:26  Nexus  
  107  8:31  Pylon  
  107  8:32  Probe  
  107  8:34  Observer  
  109  8:37  Zealot x4  
  109  8:40  Pylon  
  117  8:49  Probe  
  117  8:50  Probe  
  117  8:53  Shield Battery  
  119  9:00  Shadow Stride (Chrono Boost)  
  119  9:02  Zealot x5  
  129  9:05  Probe x3  
  132  9:12  Warp Prism (Chrono Boost)  
  128  9:19  Zealot x2  
  128  9:20  Probe  
  133  9:24  Photon Cannon  
  133  9:31  Pylon  
  133  9:32  Photon Cannon  
  133  9:35  Shield Battery  
  133  9:36  Protoss Ground Weapons Level 2 (Chrono Boost)  
  133  9:37  Probe  
  134  9:39  Pylon  
  134  9:41  Pylon  
  134  9:44  Dark Templar x2  
  138  9:48  Dark Templar  
  138  9:50  Dark Templar  
  142  9:53  Dark Templar  
  142  9:58  Dark Templar  
  146  10:00  Dark Templar  
  146  10:02  Observer  
  146  10:05  Probe  
  149  10:07  Photon Cannon  
  149  10:18  Gateway  
  149  10:20  Zealot x2  
  149  10:21  Zealot, Gateway  
  151  10:35  Probe  
  146  10:37  Photon Cannon  
  146  10:39  Robotics Facility  
  146  10:40  Robotics Bay, Probe  
  146  10:42  Probe  
  144  10:51  Dark Templar x6  
  144  10:56  Probe  
  157  10:58  Assimilator x2  
  156  11:11  Probe  
  151  11:12  Pylon  
  151  11:14  Probe  
  151  11:15  Stalker x3  
  151  11:18  Photon Cannon  
  158  11:22  Photon Cannon  
  158  11:23  Zealot x4  
  158  11:24  Zealot x2  
  170  11:30  Probe  
  170  11:32  Probe  
  170  11:35  Probe  
  170  11:39  Disruptor (Chrono Boost)  
  160  11:40  Disruptor (Chrono Boost)  
  160  11:44  Probe  
  160  11:50  Shield Battery  
  160  11:52  Photon Cannon  
  160  11:54  Photon Cannon  
  160  11:55  Photon Cannon  
  160  11:59  Stargate  
  160  12:03  Nexus  
  160  12:07  Disruptor (Chrono Boost)  
  163  12:11  Disruptor (Chrono Boost)  
  166  12:18  Gravitic Boosters (Chrono Boost), Observer  
  166  12:19  Assimilator  
  166  12:20  Protoss Ground Weapons Level 3 (Chrono Boost), Photon Cannon x2  
  166  12:23  Shield Battery  
  166  12:25  Shield Battery  
  166  12:33  Pylon  
  166  12:35  Observer  
  166  12:37  Pylon  
  167  12:38  Pylon  
  167  12:39  Photon Cannon  
  167  12:40  Disruptor, Photon Cannon  
  167  12:43  Oracle (Chrono Boost)  
  171  12:55  Disruptor  
  172  13:03  Pylon  
  170  13:06  Gateway  
  170  13:07  Protoss Air Weapons Level 1 (Chrono Boost)  
  170  13:15  Disruptor  
  161  13:24  Probe  
  161  13:25  Zealot x4  
  161  13:26  Zealot x4  
  173  13:30  Stargate  
  173  13:31  Disruptor, Fleet Beacon  
  173  13:32  Probe  
  177  13:35  Probe x2  
  177  13:36  Unknown  
  179  13:43  Nexus  
  177  13:51  Disruptor  
  180  13:56  Zealot x7  
  180  13:57  Zealot x2  
  188  14:16  Stargate  
  188  14:22  Photon Cannon, Pylon  
  188  14:24  Carrier (Chrono Boost)  
  174  14:41  Carrier (Chrono Boost)  
  177  14:46  Stargate  
  177  14:49  Disruptor  
  177  14:56  Zealot x5  
  177  14:59  Pylon  
  187  15:02  Carrier (Chrono Boost)  
  187  15:04  Protoss Shields Level 1  
  187  15:06  Pylon  
  191  15:14  Oracle (Chrono Boost)  
  191  15:20  Protoss Air Weapons Level 2 (Chrono Boost)  
  191  15:24  Zealot x4  
  191  15:27  Observer  
  200  15:37  Pylon  
  200  15:38  Pylon  
  200  15:58  Assimilator  
  200  15:59  Assimilator  
  186  16:17  Carrier (Chrono Boost)  
  185  16:23  Carrier (Chrono Boost)  
  197  16:28  Carrier (Chrono Boost)  
  193  16:52  Carrier (Chrono Boost)  
  173  17:04  Probe  
  173  17:08  Stalker x6  
  162  17:09  Stalker x3  
  175  17:16  Tempest (Chrono Boost)  
  172  17:24  Tempest (Chrono Boost)  
  177  17:30  Shield Battery  
  177  17:31  Tempest (Chrono Boost)  
  177  17:32  Zealot x2  
  177  17:33  Zealot x8, Photon Cannon  
  177  17:34  Photon Cannon  
  172  17:44  Protoss Shields Level 2 (Chrono Boost)  
  172  17:48  Pylon  
  172  17:49  Observer  
  172  17:52  Tempest (Chrono Boost)  
  182  17:59  Disruptor  
  182  18:00  Disruptor  
  182  18:02  Dark Templar x3  
  182  18:04  Tempest (Chrono Boost), Probe  
  200  18:08  Tempest (Chrono Boost)  
  200  18:16  Photon Cannon  
  200  18:17  Photon Cannon  
  198  18:38  Photon Cannon  
  198  18:39  Pylon  
  198  18:41  Oracle (Chrono Boost)  
  198  18:46  Photon Cannon  
  196  19:00  Oracle  
  194  19:15  Stalker  
  194  19:16  Stalker x2  
  200  19:17  Protoss Air Weapons Level 3  
  198  19:29  Stalker x7  
  184  19:33  Probe  
  169  19:41  Tempest, Stalker x3  
  169  19:42  Tempest x2  
  185  19:47  Tempest  
  188  20:00  Dark Templar x6  
  200  20:11  Protoss Shields Level 3 (Chrono Boost)  
  196  20:28  Disruptor x2  
  194  20:40  Dark Templar  
  196  20:45  Zealot x2  
  200  21:00  Photon Cannon  
  200  21:01  Photon Cannon  
  198  21:13  Observer x2  
  198  21:16  Stalker x3  
  200  21:25  Stalker  
  197  21:38  Stalker x6  
  197  21:39  Probe  
  190  21:45  Unknown  
  166  21:47  Disruptor (Chrono Boost)  
  166  21:48  Stalker x2  
  166  21:49  Stalker x2  
  180  21:58  Observer  
  180  22:10  Stalker  
  180  22:11  Stalker x7  
  180  22:12  Zealot, Stalker  
  195  22:16  Observer  
  189  22:41  Zealot x6  
  194  22:45  Stalker x3  
  194  22:46  Stalker  
  198  22:53  Observer (Chrono Boost)  
  198  22:57  Shield Battery  
  199  22:58  Pylon  
  199  23:06  Observer (Chrono Boost)  
  189  23:14  Stalker x3  
  189  23:15  Stalker x3  
  176  23:38  Stalker x10  
  176  23:39  Probe  
  154  23:49  Observer (Chrono Boost)  
  155  24:02  Stalker x10  
  107  24:25  Stalker x10  
  107  24:29  Observer (Chrono Boost)  
  125  24:50  Observer (Chrono Boost)  
  125  24:51  Stalker x10  
  136  25:12  Oracle (Chrono Boost)  
  136  25:18  Dark Templar x3  
  136  25:19  Dark Templar x7  
  155  25:22  Observer (Chrono Boost)  
  143  25:48  Observer  
  137  25:51  Stalker x7  
  121  26:12  Stalker x3  
  121  26:17  Stalker x2  
  121  26:38  Stalker x5  
Show
View Real Time Build Order
Export as new Build Order

Gerald Protoss - Winner!

Build Orders: Blink Stalkers 

Get SALT Encoding   

  12  0:00  Probe  
  13  0:12  Probe  
  14  0:17  Pylon  
  14  0:24  Probe (Chrono Boost)  
  16  0:36  Probe (Chrono Boost)  
  16  0:37  Gateway  
  16  0:43  Probe (Chrono Boost)  
  16  0:45  Assimilator  
  17  0:50  Probe  
  17  0:54  Assimilator  
  18  1:03  Probe (Chrono Boost)  
  19  1:07  Gateway  
  20  1:12  Probe (Chrono Boost)  
  20  1:17  Probe (Chrono Boost)  
  21  1:25  Cybernetics Core  
  21  1:29  Probe  
  22  1:35  Pylon  
  22  1:41  Probe  
  23  1:53  Probe  
  24  2:02  Warp Gate, Stalker x2  
  24  2:05  Probe  
  29  2:09  Pylon  
  29  2:17  Probe  
  30  2:29  Probe  
  31  2:32  Adept x2  
  35  2:38  Twilight Council  
  35  2:42  Probe  
  35  2:50  Shield Battery  
  35  2:54  Probe  
  36  3:16  Nexus  
  36  3:20  Blink (Chrono Boost)  
  36  3:27  Probe  
  37  3:32  Pylon  
  37  3:47  Probe  
  38  3:51  Gateway, Stalker  
  40  3:59  Robotics Facility  
  40  4:05  Probe  
  41  4:14  Pylon  
  41  4:17  Probe (Chrono Boost)  
  42  4:24  Stalker  
  42  4:27  Probe (Chrono Boost)  
  42  4:28  Stalker  
  48  4:31  Probe (Chrono Boost)  
  48  4:36  Shield Battery  
  48  4:41  Shield Battery  
  48  4:46  Observer  
  48  4:47  Probe x2  
  51  4:59  Probe, Stalker x2  
  56  5:00  Probe  
  57  5:11  Probe  
  57  5:12  Probe  
  57  5:13  Stalker  
  61  5:15  Observer  
  62  5:23  Probe, Pylon  
  62  5:25  Stalker x2  
  68  5:38  Nexus  
  67  5:44  Forge  
  67  5:46  Probe  
  68  6:02  Pylon  
  68  6:06  Assimilator  
  68  6:08  Immortal  
  70  6:15  Probe  
  67  6:20  Probe  
  67  6:24  Stalker x3  
  72  6:27  Protoss Ground Weapons Level 1 (Chrono Boost)  
  70  6:33  Observer  
  66  6:42  Probe  
  66  6:43  Gateway  
  66  6:44  Immortal (Chrono Boost)  
  66  6:45  Probe  
  68  6:48  Stalker x2  
  68  6:51  Shield Battery  
  68  6:52  Stalker  
  68  6:53  Shield Battery  
  78  6:57  Observer  
  78  6:58  Gateway  
  77  7:02  Pylon  
  77  7:04  Probe, Pylon  
  77  7:07  Probe x2  
  80  7:11  Stalker  
  82  7:15  Stalker  
  82  7:17  Probe  
  82  7:21  Probe  
  86  7:26  Probe  
  87  7:30  Probe  
  87  7:33  Dark Shrine  
  87  7:34  Probe  
  87  7:35  Gateway  
  87  7:36  Assimilator  
  89  7:38  Adept  
  89  7:39  Adept  
  89  7:40  Probe  
  94  7:49  Pylon  
  94  7:50  Gateway  
  94  7:58  Stalker x3  
  99  8:10  Probe x2  
  101  8:17  Stalker x2  
  101  8:18  Protoss Ground Weapons Level 2 (Chrono Boost)  
  101  8:21  Nexus  
  101  8:23  Pylon  
  101  8:27  Probe  
  102  8:30  Observer (Chrono Boost)  
  102  8:31  Pylon  
  102  8:33  Stalker  
  105  8:35  Pylon  
  105  8:41  Probe  
  106  8:43  Robotics Bay  
  106  8:45  Probe x2, Assimilator  
  106  8:47  Assimilator  
  108  8:54  Dark Templar  
  109  9:03  Probe x2  
  109  9:05  Probe  
  110  9:21  Probe  
  110  9:22  Probe  
  112  9:25  Probe, Gateway  
  112  9:26  Observer  
  112  9:27  Disruptor (Chrono Boost), Gateway  
  112  9:28  Photon Cannon  
  112  9:30  Photon Cannon  
  116  9:32  Dark Templar x2  
  116  9:33  Stalker  
  116  9:34  Probe  
  116  9:38  Probe x2  
  125  9:40  Archon  
  125  9:46  Photon Cannon, Stalker x2  
  125  9:47  Photon Cannon  
  125  9:48  Shield Battery, Probe  
  125  9:50  Pylon  
  130  9:53  Dark Templar  
  130  9:59  Photon Cannon  
  132  10:00  Probe  
  132  10:01  Observer  
  132  10:02  Probe, Assimilator  
  132  10:03  Assimilator  
  132  10:05  Robotics Facility  
  134  10:08  Disruptor  
  134  10:09  Probe  
  134  10:10  Probe  
  134  10:12  Probe  
  140  10:20  Probe  
  141  10:24  Stalker x4  
  145  10:44  Probe x2  
  145  10:45  Probe x2  
  145  10:47  Disruptor  
  145  10:48  Shadow Stride (Chrono Boost)  
  145  10:49  Pylon  
  152  10:51  Pylon  
  152  10:56  Probe x2  
  152  10:57  Probe x2  
  155  10:58  Disruptor, Photon Cannon  
  155  11:01  Photon Cannon  
  155  11:03  Pylon  
  152  11:18  Stalker x9  
  152  11:19  Probe  
  161  11:29  Probe  
  158  11:38  Nexus  
  158  11:39  Disruptor  
  158  11:45  Gravitic Boosters (Chrono Boost)  
  159  11:48  Probe  
  159  11:49  Probe x2  
  162  12:00  Protoss Ground Armor Level 1  
  162  12:01  Probe x3  
  165  12:02  Photon Cannon  
  165  12:04  Shield Battery  
  165  12:05  Stargate  
  165  12:14  Pylon  
  165  12:19  Pylon  
  165  12:23  Photon Cannon, Pylon  
  165  12:32  Observer, Probe x2  
  165  12:34  Dark Templar  
  165  12:35  Dark Templar  
  172  12:39  Disruptor, Nexus, Pylon  
  172  12:53  Dark Templar x3  
  172  12:57  Probe x2  
  172  12:58  Probe  
  181  12:59  Probe  
  182  13:06  Pylon  
  167  13:20  Disruptor  
  167  13:25  Disruptor  
  167  13:26  Probe  
  169  13:30  Probe  
  169  13:32  Twilight Council, Probe  
  169  13:34  Probe  
  172  13:36  Fleet Beacon  
  172  13:39  Nexus  
  172  13:41  Nexus  
  172  13:42  Photon Cannon  
  172  13:44  Photon Cannon  
  172  13:45  Shield Battery  
  172  13:51  Probe  
  172  13:53  Shield Battery  
  172  13:54  Shield Battery  
  173  13:56  Disruptor, Photon Cannon  
  173  13:59  Pylon  
  176  14:07  Pylon  
  176  14:09  Disruptor  
  177  14:28  Probe  
  178  14:32  Disruptor  
  178  14:33  Assimilator  
  177  14:38  Mothership  
  177  14:40  Protoss Ground Weapons Level 3 (Chrono Boost), Probe  
  177  14:41  Probe  
  177  14:44  Probe  
  177  14:45  Disruptor  
  187  14:52  Probe x2  
  189  14:53  Probe  
  189  14:56  Photon Cannon  
  189  14:58  Stargate  
  189  14:59  Photon Cannon  
  190  15:01  Photon Cannon, Assimilator  
  190  15:03  Shield Battery  
  190  15:04  Shield Battery  
  190  15:05  Pylon  
  190  15:07  Disruptor, Tempest (Chrono Boost), Pylon  
  190  15:09  Shield Battery  
  190  15:11  Pylon  
  178  15:22  Disruptor  
  178  15:26  Probe x2  
  178  15:27  Assimilator  
  183  15:29  Assimilator  
  183  15:42  Tempest (Chrono Boost)  
  183  15:44  Tempest (Chrono Boost)  
  193  15:57  Protoss Air Weapons Level 1 (Chrono Boost)  
  193  15:58  Observer  
  193  16:00  Dark Templar x2  
  193  16:01  Dark Templar x2  
  193  16:02  Stalker  
  188  16:20  Stalker x2  
  188  16:22  Photon Cannon  
  188  16:24  Photon Cannon  
  192  16:28  Tempest (Chrono Boost)  
  197  16:37  Stalker x2  
  198  16:40  Stargate  
  198  16:41  Stargate  
  198  16:44  Stalker x2  
  200  16:49  Stalker x3  
  188  17:05  Tempest x2  
  188  17:07  Stalker x2  
  199  17:14  Protoss Shields Level 1  
  198  17:25  Probe  
  199  17:33  Nexus  
  197  17:41  Tempest  
  197  17:43  Oracle  
  176  17:44  Disruptor (Chrono Boost)  
  176  17:46  Disruptor (Chrono Boost)  
  176  17:47  Tempest  
  176  17:48  Tempest  
  198  18:01  Photon Cannon x2, Protoss Air Weapons Level 2 (Chrono Boost)  
  198  18:02  Pylon  
  198  18:03  Shield Battery, Pylon  
  198  18:04  Pylon  
  198  18:05  Unknown  
  198  18:19  Observer (Chrono Boost)  
  199  18:41  Photon Cannon  
  199  18:42  Photon Cannon  
  197  19:13  Protoss Ground Armor Level 2 (Chrono Boost)  
  177  19:36  Disruptor (Chrono Boost)  
  177  19:37  Stalker x3  
  177  19:38  Stalker x6  
  166  19:39  Disruptor (Chrono Boost)  
  166  19:43  Tempest x3 (Chrono Boost)  
  166  19:44  Tempest (Chrono Boost)  
  163  19:48  Mothership  
  191  20:10  Robotics Facility  
  191  20:12  Observer x2 (Chrono Boost), Photon Cannon  
  191  20:14  Photon Cannon  
  193  20:15  Shield Battery, Photon Cannon x2, Gateway  
  193  20:16  Shield Battery  
  193  20:18  Shield Battery, Tempest  
  193  20:19  Gateway, Pylon  
  193  20:20  Pylon  
  193  20:21  Photon Cannon  
  198  20:26  Gateway  
  198  20:28  Gateway  
  198  20:39  Dark Templar  
  177  20:58  Probe x2  
  177  20:59  Photon Cannon  
  177  21:01  Tempest x2  
  177  21:02  Photon Cannon  
  177  21:03  Photon Cannon  
  194  21:05  Photon Cannon  
  194  21:08  Photon Cannon  
  194  21:10  Photon Cannon  
  189  21:29  Oracle  
  189  21:38  Protoss Shields Level 2 (Chrono Boost)  
  189  21:39  Protoss Air Weapons Level 3 (Chrono Boost)  
  179  21:46  Tempest x3  
  178  21:51  Nexus  
  178  21:52  Dark Templar  
  178  21:53  Dark Templar x10  
  200  21:55  Photon Cannon  
  200  21:57  Photon Cannon  
  198  22:11  Oracle  
  198  22:12  Observer  
  177  22:35  Tempest x3  
  192  22:40  Unknown  
  192  22:48  Tempest  
  193  22:58  Photon Cannon  
  193  22:59  Photon Cannon  
  191  23:21  Zealot x4  
  189  23:35  Zealot x4  
  189  23:36  Zealot x5  
  179  23:44  Zealot x4  
  179  23:47  Observer  
  189  23:53  Disruptor, Carrier x3  
  189  23:54  Oracle  
  193  23:57  Stalker x4  
  193  24:01  Zealot x3  
  198  24:05  Zealot x4  
  194  24:14  Disruptor  
  194  24:16  Zealot x2  
  184  24:20  Dark Templar  
  184  24:21  Dark Templar x3  
  182  24:27  Probe  
  182  24:29  Photon Cannon  
  182  24:30  Shield Battery  
  183  24:41  Protoss Air Armor Level 1 (Chrono Boost)  
  191  24:49  Nexus  
  191  24:52  Disruptor  
  183  24:53  Disruptor  
  189  25:15  Carrier  
  195  25:37  Dark Templar  
  195  25:38  Dark Templar  
  199  25:49  Pylon  
  194  25:50  Pylon  
  194  25:52  Dark Templar x2  
  194  25:53  Dark Templar  
Tags
 
Add a new tag
Caveats
  • Supply blocks, unpowered buildings, or Contaminate may cause inaccurate times.
  • Supply counts are checked every 10 seconds.